 Dungeon Crawl Stone Soup version 0.21.1-1-g345015fe64 (webtiles) character file.

11096 Soier the Fighter (level 11, -9/90 HPs)
             Began as a Demonspawn Fighter on July 24, 2018.
             Was a Priest of Yredelemnul.
             Killed from afar by a wretched star (13 damage)
             ... with an orb of energy
             ... on level 2 of the Abyss.
             The game lasted 00:29:51 (10807 turns).

Soier the Fighter (Demonspawn Fighter)             Turns: 10807, Time: 00:29:59

Health: -9/90      AC: 22    Str: 22 (23) XL:     11   Next: 44%
Magic:  11/11      EV:  8    Int:  5 (10) God:    Yredelemnul [***...]
Gold:   217        SH: 14    Dex: 20 (22) Spells: 10/10 levels left

rFire    + + .     SeeInvis +   E - +0 trident (venom)
rCold    + . .     Gourm    .   P - +2 shield of Midsummer {rN++ Dex+2 Stlth-}
rNeg     + + .     Faith    .   b - +0 scale mail
rPois    .         Spirit   .   (helmet unavailable)
rElec    +         Reflect  .   K - +2 cloak
rCorr    .         Harm     .   (no gloves)
MR       .....                  M - +0 pair of boots
Stlth    ..........             V - amulet "Biydit" {+Rage rElec rF+ Dex+2}
HPRegen  0.25/turn              S - ring of protection from fire
MPRegen  0.12/turn              a - ring of the Jackalope {Wiz Str+3 Dex+6}

@: drained
A: antennae 3, blurry vision 1, cold resistance 1, [deterioration 2], icemail,
spiny 1, freezing cloud immunity
a: Recall Undead Slaves, Injury Mirror, Animate Dead, Renounce Religion, Evoke
Berserk Rage


You were on level 2 of the Abyss.
You worshipped Yredelemnul.
Yredelemnul was most pleased with you.
You were not hungry.

You visited 2 branches of the dungeon, and saw 11 of its levels.
You visited the Abyss 1 time.

You collected 703 gold pieces.
You spent 486 gold pieces at shops.

Inventory:

Hand Weapons
 E - a +0 trident of venom (weapon)
 Q - a +2 trident of protection
Armour
 b - a +0 scale mail (worn)
 c - a +0 shield
 K - a +2 cloak (worn)
 M - a +0 pair of boots (worn)
 P - the +2 shield of Midsummer (worn) {rN++ Dex+2 Stlth-}
   (You bought it in a shop on level 8 of the Dungeon)

   It affects your dexterity (+2).
   It greatly protects you from negative energy.
   It makes you less stealthy.
Jewellery
 a - the ring of the Jackalope (right hand) {Wiz Str+3 Dex+6}
   (You took it off an orc on level 5 of the Dungeon)

   [ring of wizardry]

   It improves your spell success rate.
   It affects your strength (+3).
   It affects your dexterity (+6).
 q - an uncursed ring of flight
 v - an uncursed amulet of the gourmand
 I - an uncursed ring of ice
 R - an uncursed amulet of rage
 S - a ring of protection from fire (left hand)
 V - the amulet "Biydit" (around neck) {+Rage rElec rF+ Dex+2}
   (You found it on level 10 of the Dungeon)

   [amulet of rage]

   It affects your dexterity (+2).
   It protects you from fire.
   It insulates you from electricity.
   It lets you go berserk.
 W - a +4 ring of dexterity
Wands
 y - a wand of iceblast (10)
 G - a wand of random effects (15)
 J - a wand of acid (11)
 L - a wand of digging (8)
Scrolls
 d - a scroll of random uselessness {unknown}
 g - a scroll of enchant weapon
 h - 5 scrolls of remove curse
 i - 3 scrolls of teleportation
 m - 2 scrolls of fear {unknown}
 p - 2 scrolls of magic mapping
 s - 3 scrolls of immolation
 t - 2 scrolls of blinking {unknown}
 u - 3 scrolls of fog {unknown}
 O - a scroll of enchant armour {unknown}
 T - a scroll of torment {unknown}
 U - a scroll of summoning {unknown}
 X - 3 scrolls of silence {unknown}
Potions
 j - a potion of magic {unknown}
 k - 2 potions of might
 l - 4 potions of ambrosia {unknown}
 n - a potion of cancellation {unknown}
 o - 2 potions of lignification {unknown}
 w - a potion of haste {unknown}
 x - 2 potions of flight {unknown}
 A - a potion of heal wounds {unknown}
 C - a potion of invisibility
 D - a potion of brilliance {unknown}
 F - 3 potions of mutation {unknown}
 H - a potion of agility {unknown}
Books
 z - Jessica's Disquisition on Beguiling
   (You found it on level 3 of the Dungeon)

   Spells                             Type                      Level
   a - Ensorcelled Hibernation        Hexes/Ice                    2
 B - a book of Conjurations

   Spells                             Type                      Level
   a - Magic Dart                     Conjuration                  1
   b - Searing Ray                    Conjuration                  2
   c - Dazzling Spray                 Conjuration/Hexes            3
   d - Fulminant Prism                Conjuration/Hexes            4
   e - Force Lance                    Conjuration/Translocation    4
   f - Iskenderun's Mystic Blast      Conjuration                  4
 N - a book of Minor Magic

   Spells                             Type                      Level
   a - Magic Dart                     Conjuration                  1
   b - Blink                          Translocation                2
   c - Call Imp                       Summoning                    2
   d - Slow                           Hexes                        2
   e - Conjure Flame                  Conjuration/Fire             3
   f - Mephitic Cloud                 Conjuration/Poison/Air       3
Comestibles
 f - 19 rations


   Skills:
 + Level 9.7(8.9) Fighting
 + Level 8.6(7.8) Polearms
 + Level 8.9(8.1) Armour
 + Level 8.9(8.1) Shields


You had 10 spell levels left.
You didn't know any spells.

Dungeon Overview and Level Annotations

Branches:
Dungeon (10/15)            Temple (1/1) D:5            Lair (0/6) D:10
    Orc: D:9-12

Altars:
Ashenzari
Cheibriados
Dithmenos
Elyvilon
Fedhas
Gozag
Hepliaklqana
Kikubaaqudgha
Makhleb
Nemelex Xobeh
Okawaru
Qazlal
Ru
Sif Muna
Trog
Uskayaw
Vehumet
Wu Jian
Xom
Yredelemnul
Zin
The Shining One

Shops:
D:4 (   D:8 [

Annotations:
D:10 Sonja


Innate Abilities, Weirdness & Mutations

You have a pair of large antennae on your head. (SInv)
Your flesh is cold resistant. (rC+)
A meltable icy envelope protects you from harm. (AC +10)
You are partially covered in sharp spines.
You are immune to freezing clouds.
Scrolls take you a little longer to read.
[Your body often deteriorates upon taking damage.]


Message History

The wretched star glows turbulently.
The orb of energy hits you!
* * * LOW HITPOINT WARNING * * *
Your body deteriorates!
You feel dopey.
The orb of energy explodes!
You feel better.
Unknown command.
You feel better.
The wretched star glows turbulently.
The orb of energy hits you!
* * * LOW HITPOINT WARNING * * *
Your body deteriorates!
You feel dopey.
The orb of energy explodes!
It was a potion of degeneration.
There was something very wrong with that liquid.
You feel weakened.
You feel dopey.
You feel clumsy.
The wretched star glows turbulently.
The orb of energy hits you!
You die...
Your body rises from the dead as a mindless zombie.

{ # ##
.#.
#.#
###.##
#..@.#
####*#
##


You could see a wretched star.

Vanquished Creatures
  Erolcha (D:9)
  3 two-headed ogres
  The ghost of SlightEye the Fighter, a novice FoFi of Makhleb (D:6)
  A sixfirhy (Abyss:2)
  An unseen horror (D:10)
  2 centaur zombies (D:10)
  A troll (D:9)
  An air elemental (Abyss:2)
  A human (D:7)
  4 yaks (D:10)
  A wyvern (D:9)
  4 hogs (D:7)
  3 porcupines (D:10)
  A water moccasin (D:9)
  Duvessa (D:6)
  3 orc warriors
  A necrophage (D:5)
  2 black bears
  An ogre (D:7)
  3 centaurs
  A phantom (D:10)
  4 crocodiles
  A big kobold (D:8)
  A gnoll sergeant (D:9)
  A small abomination (Abyss:2)
  5 bullfrogs
  Dowan (D:6)
  6 scorpions
  5 killer bees
  3 wights (D:7)
  A howler monkey (D:8)
  3 crimson imps
  2 quasits
  A bullfrog zombie (D:4)
  6 hounds
  2 jellies
  8 orc priests
  Crazy Yiuf (D:6)
  2 centaur skeletons
  Jessica (D:3)
  2 bullfrog skeletons
  5 iguanas
  10 orc wizards
  6 worker ants
  A hound zombie (D:6)
  A hound skeleton (D:9)
  A worker ant zombie (D:9)
  8 gnolls
  13 adders
  A howler monkey skeleton (D:6)
  3 shadow imps
  An ufetubus (Abyss:2)
  2 adder skeletons
  5 worms (D:2)
  4 dart slugs
  4 leopard geckos
  25 orcs
  A ball python (D:4)
  16 giant cockroaches
  7 hobgoblins
  5 jackals
  2 quokkas
  5 bats
  7 frilled lizards
  6 goblins
  A jackal zombie (D:5)
  12 kobolds
  A quokka skeleton (D:5)
  5 rats
  A bush (D:2)
252 creatures vanquished.

Vanquished Creatures (collateral kills)
  2 orcs (D:10)
2 creatures vanquished.

Vanquished Creatures (others)
  A black bear zombie (D:10)
  2 porcupine zombies (D:10)
  A crocodile zombie (D:10)
  A scorpion zombie (D:10)
  An adder zombie (D:10)
  3 orc skeletons (D:10)
  16 fungi (D:10)
  3 plants (D:10)
  5 starspawn tentacles (Abyss:2)
33 creatures vanquished.

Grand Total: 287 creatures vanquished

Notes
Turn   | Place    | Note
-------+----------+-------------------------------------------
     0 | D:1      | Soier the Demonspawn Fighter began the quest for the Orb.
     0 | D:1      | Reached XP level 1. HP: 18/18 MP: 1/1
   213 | D:1      | Gained mutation: Your flesh is cold resistant. (rC+) [demonic ancestry]
   213 | D:1      | Reached XP level 2. HP: 24/24 MP: 2/2
  1149 | D:2      | Gained mutation: You have a pair of small antennae on your head. [demonic ancestry]
  1149 | D:2      | Reached XP level 3. HP: 25/29 MP: 3/3
  1592 | D:2      | Gained mutation: You are partially covered in sharp spines. [demonic ancestry]
  1592 | D:2      | Reached XP level 4. HP: 30/35 MP: 4/4
  1934 | D:2      | Found a radiant altar of Vehumet.
  2225 | D:2      | Gained mutation: You are immune to freezing clouds. [demonic ancestry]
  2225 | D:2      | Reached XP level 5. HP: 38/42 MP: 5/5
  2552 | D:3      | Reached skill level 4 in Fighting
  2589 | D:3      | Found an ornate altar of the Wu Jian Council.
  2714 | D:3      | Found a shimmering altar of Xom.
  2714 | D:3      | Found a white marble altar of Elyvilon.
  2805 | D:3      | Noticed Jessica
  2815 | D:3      | Killed Jessica
  2913 | D:3      | Identified Jessica's Disquisition on Beguiling
  3188 | D:4      | Reached XP level 6. HP: 4/48 MP: 6/6
  3196 | D:4      | HP: 2/48 [poisoned by a scorpion]
  3204 | D:4      | HP: 2/48 [poisoned by a scorpion]
  4064 | D:4      | Found Beolay's Antique Weapon Shop.
  4072 | D:4      | Bought a glowing trident for 182 gold pieces
  4181 | D:5      | Entered Level 5 of the Dungeon
  4191 | D:5      | Gained mutation: A meltable icy envelope protects you from harm. (AC +10) [demonic ancestry]
  4191 | D:5      | Reached XP level 7. HP: 38/55 MP: 7/7
  4458 | D:5      | Reached skill level 5 in Fighting
  4705 | D:5      | Found a stormy altar of Qazlal.
  4804 | D:5      | Found a deep blue altar of Sif Muna.
  4804 | D:5      | Found a glowing golden altar of the Shining One.
  4860 | D:5      | Got a slimy golden ring
  5307 | D:5      | Found a staircase to the Ecumenical Temple.
  5348 | Temple   | Entered the Ecumenical Temple
  5442 | Temple   | Became a worshipper of Yredelemnul the Dark
  5524 | D:6      | Noticed SlightEye's ghost (novice FoFi)
  5853 | D:6      | Identified the ring of the Jackalope {Wiz Str+3 Dex+6} (You took it off an orc on level 5 of the Dungeon)
  5932 | D:6      | Found a runed door.
  6033 | D:6      | Reached skill level 5 in Shields
  6077 | D:6      | Killed SlightEye's ghost
  6077 | D:6      | Reached skill level 6 in Fighting
  6077 | D:6      | Reached skill level 5 in Polearms
  6077 | D:6      | Reached skill level 5 in Armour
  6077 | D:6      | Gained mutation: You have a pair of antennae on your head. [demonic ancestry]
  6077 | D:6      | Reached XP level 8. HP: 15/64 MP: 8/8
  6466 | D:6      | Found a sacrificial altar of Ru.
  6521 | D:6      | Noticed Dowan
  6522 | D:6      | Noticed Duvessa
  6531 | D:6      | Reached XP level 9. HP: 71/71 MP: 9/9
  6546 | D:6      | Killed Duvessa
  6561 | D:6      | Killed Dowan
  6814 | D:6      | Noticed Crazy Yiuf
  6824 | D:6      | Killed Crazy Yiuf
  6824 | D:6      | Reached * piety under Yredelemnul
  7077 | D:7      | Reached skill level 7 in Fighting
  7877 | D:8      | Found Gacoe's Antique Armour Boutique.
  7897 | D:8      | Gained mutation: You have a pair of large antennae on your head. (SInv) [demonic ancestry]
  7897 | D:8      | Reached XP level 10. HP: 60/80 MP: 10/10
  7905 | D:8      | Reached ** piety under Yredelemnul
  8068 | D:8      | Found a hide-covered altar of Uskayaw.
  8159 | D:8      | Found a sparkling altar of Nemelex Xobeh.
  8192 | D:8      | Noticed a two-headed ogre
  8202 | D:8      | Killed a two-headed ogre
  8202 | D:8      | Reached skill level 8 in Fighting
  8323 | D:8      | Noticed a two-headed ogre
  8328 | D:8      | Killed a two-headed ogre
  8514 | D:8      | Bought a faintly humming shield for 304 gold pieces
  8515 | D:8      | Identified the +2 shield of Midsummer {rN++ Dex+2 Stlth-} (You bought it in a shop on level 8 of the Dungeon)
  8615 | D:9      | Found a blossoming altar of Fedhas.
  8699 | D:9      | Found an opulent altar of Gozag.
  9124 | D:9      | Noticed Erolcha
  9131 | D:9      | Killed Erolcha
  9439 | D:9      | Reached skill level 9 in Fighting
  9527 | D:9      | Noticed a two-headed ogre
  9538 | D:9      | Killed a two-headed ogre
  9538 | D:9      | Reached XP level 11. HP: 75/89 MP: 11/11
  9684 | D:10     | Entered Level 10 of the Dungeon
  9748 | D:10     | Noticed Sonja
  9760 | D:10     | Found a staircase to the Lair.
  9761 | D:10     | Noticed an unseen horror
  9780 | D:10     | HP: 1/89 [crocodile (13)]
  9787 | D:10     | Reached *** piety under Yredelemnul
  9815 | D:10     | Killed an unseen horror
 10289 | D:10     | Got a warped platinum amulet
 10330 | D:10     | Identified the amulet "Biydit" {+Rage rElec rF+ Dex+2} (You found it on level 10 of the Dungeon)
 10338 | D:10     | Cast into level 2 of the Abyss (Sonja)
 10381 | Abyss:2  | Noticed a thrashing horror
 10429 | Abyss:2  | Noticed a sixfirhy
 10434 | Abyss:2  | Killed a sixfirhy
 10463 | Abyss:2  | Noticed a cacodemon
 10467 | Abyss:2  | Noticed a starcursed mass
 10473 | Abyss:2  | Gained mutation: Scrolls take you a little longer to read. [a cacodemon]
 10479 | Abyss:2  | Paralysed by accursed screaming for 1 turns
 10597 | Abyss:2  | Noticed a starcursed mass
 10603 | Abyss:2  | Noticed a naga warrior
 10615 | Abyss:2  | Found a corrupted altar of Lugonu.
 10616 | Abyss:2  | Noticed a tentacled starspawn
 10644 | Abyss:2  | Found an ancient bone altar of Kikubaaqudgha.
 10693 | Abyss:2  | Noticed a shadow dragon
 10696 | Abyss:2  | Noticed a glowing orange brain
 10795 | Abyss:2  | Noticed a wretched star
 10804 | Abyss:2  | HP: 4/90 [wretched star/orb of energy (16)]
 10807 | Abyss:2  | Killed from afar by a wretched star

Skill      XL: |  1  2  3  4  5  6  7  8  9 10 |
---------------+-------------------------------+-----
Polearms       | 2 3 5 6 8 |  8.6
Armour         | 3 4 5 6 7 8 |  8.9
Shields        | 3 4 5 6 7 8 |  8.9
Fighting       | 4 6 7 9 |  9.7

Action                   |  1- 3 |  4- 6 |  7- 9 | 10-12 || total
-------------------------+-------+-------+-------+-------++-------
Melee: Trident           |   150 |   257 |   333 |   311 ||  1051
Invok: Animate Dead      |       |       |       |     2 ||     2
  Use: Potion            |     2 |       |     4 |     8 ||    14
       Scroll            |       |       |     5 |     6 ||    11
  Eat: Chunk             |     2 |    22 |    11 |     7 ||    42
Armor: Scale mail        |    70 |    55 |   155 |   126 ||   406
Dodge: Dodged            |    32 |    34 |    89 |    75 ||   230
Block: Shield            |    70 |    68 |   159 |   209 ||   506
